 Dungeon Crawl Stone Soup version 0.30-a0-1160-g6e42c06551 (webtiles) character file.

Game seed: 5729804659336011109

32 kae the Changer (level 2, 0/22 HPs)
             Began as a Demigod Transmuter on Apr 25, 2023.
             Slain by a jackal (3 damage)
             ... on level 2 of the Dungeon.
             The game lasted 00:00:47 (1184 turns).

kae the Changer (Demigod Transmuter)                Turns: 1184, Time: 00:00:47

Health: 0/22       AC:  2    Str: 11    XL:     2   Next: 96%
Magic:  5/7        EV: 12    Int: 15    God:
Gold:   1158       SH:  0    Dex: 14    Spells: 2/5 levels left

rFire   . .          .
                       - Unarmed
rCold   . . .        (no shield)
rNeg    . . .        a - +0 robe
rPois   .            (helmet currently unavailable)
rElec   .            (no cloak)
rCorr   .            (no gloves)
SInv    .            (boots currently unavailable)
Will    .....        (no amulet)
Stlth   +            (no ring)
HPRegen 0.23/turn    (no ring)
MPRegen 0.10/turn

%: no passive effects
@: appendages (expiring), wereblooded
A: horns 2, talons 2, high MP 1, forlorn, divine attributes
a: End Transformation


You were on level 2 of the Dungeon.
You had temporarily grown beastly horns and talons.
You visited 1 branch of the dungeon, and saw 2 of its levels.

You collected 1158 gold pieces.


Innate Abilities, Weirdness & Mutations

You have temporarily grown beastly horns and talons.
You have an increased reservoir of magic. (+10% MP)
You shall have no god before yourself.
Your divine heritage dramatically boosts your attributes as you level up.


   Skills:
 - Level 0.8 Fighting
 - Level 1.7 Dodging
 - Level 2.6 Unarmed Combat
 + Level 2.2 Spellcasting
 * Level 2.9 Transmutations


You had 2 spell levels left.
You knew the following spells:

 Your Spells              Type           Power      Damage    Failure   Level
a - Beastly Appendage     Tmut           20%        N/A       7%          1
b - Wereblood             Tmut           10%        N/A       10%         2

Your spell library contained the following spells:

 Spells                   Type           Power      Damage    Failure   Level
 Blink                    Tloc           2%         N/A       32%         2
 Lesser Beckoning         Tloc           2%         N/A       32%         2
 Momentum Strike          Conj/Tloc      2%         3d8       32%         2
 Spider Form              Tmut/Pois      6%         N/A       34%         3
 Ice Form                 Ice/Tmut       6%         N/A       75%         4

Inventory:

Missiles
 c - 15 stones
Armour
 a - a +0 robe (worn)
Jewellery
 R - a ring of resist corrosion
   (You found it on level 2 of the Dungeon)
Scrolls
 e - a scroll of enchant weapon {unknown}
Potions
 b - 3 potions of lignification {!q}
 d - 2 potions of magic {unknown}
 f - a potion of degeneration {unknown}

Dungeon Overview and Level Annotations

Branches:
Dungeon (2/15) Zot: 10818

.....>...##..#######.#
#..#####.##..........#
...# #.###.######..#
.#.# ###.###.# #..#
.#.###.....#.# #..#
....##.#.#.#.# ###..#
<##..........# #..^.#
.#####.#.#.######.##.#
## #.....# #.=@h.#.#
###.### #.hhh.#.# #.#
..........#
..#.###.......# ####
#.......# ###..#.##
#..... ...#.##


You could see 4 jackals.


Message History

You take 1 damage, and now have 21/22 hp.
You hit the endoplasm.
You headbutt the endoplasm, but do no damage.
The endoplasm closely misses you.
You hit the endoplasm. Your kick misses the endoplasm.
The endoplasm hits you. 😕 HP[-2]
You take 2 damage, and now have 19/22 hp.
You hit the endoplasm.
You kill the endoplasm!
Your horns disappear.
Your talons disappear.
No target in view!
This is a scroll of acquirement!
Something appears at your feet!
You now have 1158 gold pieces (gained 1128).
You aren't carrying any scrolls.
Unknown command.
e - a scroll labelled AKUNAS COTUYRI 😎 HP[+3]
Your hp is fully restored (22).
Unknown command.
f - a golden potion
R - a ring of resist corrosion A hobgoblin comes into view.
A hobgoblin is nearby!
A hobgoblin is nearby!
A dart slug comes into view.
A jackal comes into view.
The hobgoblin shouts!
You hear a bark! x2
A jackal comes into view. x2
Casting: Beastly Appendage (safe; 7% risk of failure)
Confirm with . or Enter, or press ? or * to list all spells.
You grow a pair of large bovine horns.
Your feet morph into talons.
The dart slug bites you.
A jackal comes into view.
The dart slug briefly extends its eye-stalks.
The dart slug launches a dart at you.
The slug dart misses you. 😕 HP[-3] MP[-1]
You take 3 damage, and now have 19/22 hp.
You lost 1 mp, and now have 6/7 mp.
The jackal barks!
You hit the dart slug. You hit the dart slug but do no damage.
You headbutt the dart slug. The hobgoblin barely misses you.
The dart slug bites you. 😕 HP[-1]
You take 1 damage, and now have 18/22 hp.
You hit the dart slug but do no damage. You headbutt the dart slug.
You kill the dart slug!
The hobgoblin misses you.
You hit the hobgoblin. You claw the hobgoblin.
You kill the hobgoblin!
The jackal bites you but does no damage. 😕 HP[+1] Unknown command.
Casting: Beastly Appendage (safe; 7% risk of failure)
Confirm with . or Enter, or press ? or * to list all spells.
Your blood is infused with primal strength.
The jackal barely misses you. The jackal closely misses you.
The jackal bites you. The jackal barely misses you. The jackal bites you.
Your transformation is almost over.
The jackal bites you.
The jackal closely misses you. x3 😮 HP[-6] MP[-2]
You take 6 damage, and now have 13/22 hp.
MASSIVE DAMAGE!! (PAUSE)
You lost 2 mp, and now have 4/7 mp.
You hit the jackal. The jackal closely misses you.
The jackal bites you but does no damage.
The jackal barely misses you. The jackal bites you.
* * * LOW HITPOINT WARNING * * *
The jackal barely misses you. The jackal misses you. 😨 HP[-2]
You take 2 damage, and now have 11/22 hp.
You hit the jackal but do no damage. Your headbutt misses the jackal.
The jackal misses you. The jackal barely misses you. x3
The jackal misses you.
The jackal bites you but does no damage. 😮 HP[+1] MP[+1] Unknown command.
You hit the jackal. Your kick misses the jackal. The jackal bites you.
* * * LOW HITPOINT WARNING * * *
The jackal barely misses you. The jackal bites you.
* * * LOW HITPOINT WARNING * * *
The jackal bites you.
* * * LOW HITPOINT WARNING * * *
😨 HP[-5]
You take 5 damage, and now have 7/22 hp.
MASSIVE DAMAGE!! (PAUSE)
You completely miss the jackal. Your headbutt misses the jackal.
The jackal misses you. x2; The jackal closely misses you.
The jackal bites you.
* * * LOW HITPOINT WARNING * * *
The jackal bites you.
* * * LOW HITPOINT WARNING * * *
The jackal bites you but does no damage.
The jackal misses you. The jackal bites you.
* * * LOW HITPOINT WARNING * * *
😱 HP[-4]
You take 4 damage, and now have 3/22 hp.
Unknown command.
You barely miss the jackal. Your kick misses the jackal. The jackal bites you.
You die...

Skill      XL: |  1 |
---------------+----+-----
Transmutations | 2 |  2.9
Spellcasting   | 2 |  2.2
Fighting       | |  0.8
Dodging        | |  1.7
Unarmed Combat | |  2.6

Action                     || total
---------------------------++-------
  Melee: Unarmed           ||    64
         Kick              ||    15
         Headbutt          ||    10
         Punch             ||     2
   Cast: Beastly Appendage ||    19
         Wereblood         ||     1
    Use: Scroll            ||     1
   Stab: Sleeping          ||     1
 Armour: Robe              ||    15
  Dodge: Dodged            ||    58

Levels and vault maps discovered:
D:1:      lightli_arrival_lavapool, layout_loops_corners,
          ebering_ecumenical_altar_rust, minmay_tetromino_s4
D:2:      layout_loops_ring, basic_altar, chequers_serial_rivers_micro_b

Notes
Turn   | Place    | Note
-------+----------+-------------------------------------------
     0 | D:1      | kae the Demigod Transmuter began the quest for the Orb.
     0 | D:1      | Reached XP level 1. HP: 15/15 MP: 5/5
     0 | D:1      | magus.rc [v1.11.3]
   164 | D:1      | Reached skill level 2 in Transmutations
   199 | D:1      | Reached skill level 2 in Spellcasting
   330 | D:1      | Reached XP level 2. HP: 22/22 MP: 5/7
   463 | D:1      | You pick up a book of Spatial Translocations and begin
                  | reading...
   463 | D:1      | You add the spells Blink, Momentum Strike and Lesser
                  | Beckoning to your library.
   787 | D:1      | Learned a level 2 spell: Wereblood
  1113 | D:2      | Identified a scroll of acquirement
  1113 | D:2      | Acquired 1128 gold pieces
  1183 | D:2      | HP: 5/22 [jackal (2)]
  1184 | D:2      | Slain by a jackal

Vanquished Creatures
  A dart slug (D:2)
  5 bats
  3 endoplasms
  2 giant cockroaches (D:1)
  A goblin (D:1)
  6 hobgoblins
  3 kobolds (D:1)
  3 ball pythons (D:1)
  A frilled lizard (D:1)
  A rat (D:1)
26 creatures vanquished.

Table legend:
 A = Non-vault XP
 B = Vault XP
 C = Vault XP percentage of total XP
 D = Non-vault monster count
 E = Vault monster count
 F = Vault count percentage of total count
                 A         B        C        D         E       F
            +---------+---------+-------+---------+---------+-------
      Total |      43 |       4 |   8.5 |      24 |       2 |   7.7
            +---------+---------+-------+---------+---------+-------
        D:1 |      33 |       4 |  10.8 |      20 |       2 |   9.1
        D:2 |      10 |       0 |   0.0 |       4 |       0 |   0.0
            +---------+---------+-------+---------+---------+-------

Skill      XL: |  1 |
---------------+----+-----
Transmutations | 2 |  2.9
Spellcasting   | 2 |  2.2
Fighting       | |  0.8
Dodging        | |  1.7
Unarmed Combat | |  2.6

Action                     || total
---------------------------++-------
  Melee: Unarmed           ||    64
         Kick              ||    15
         Headbutt          ||    10
         Punch             ||     2
   Cast: Beastly Appendage ||    19
         Wereblood         ||     1
    Use: Scroll            ||     1
   Stab: Sleeping          ||     1
 Armour: Robe              ||    15
  Dodge: Dodged            ||    58

Illustrated notes

Table legend:
 A = Kills in this place as a percentage of kills in the entire game.
 B = Kills by you in this place as a percentage of kills by you in the entire game.
 C = Kills by friends in this place as a percentage of kills by friends in the entire game.
 D = Other kills in this place as a percentage of other kills in the entire game.
 E = Experience gained in this place as a percentage of experience gained in the entire game.
 F = Experience gained in this place divided by the number of levels of this place that you have seen.
                   A       B       C       D       E      F
               +-------+-------+-------+-------+-------+----------------------
         Total | 100.0 | 100.0 |   N/A |   N/A | 100.0 |  23.5
       Dungeon | 100.0 | 100.0 |   N/A |   N/A | 100.0 |  23.5
               +-------+-------+-------+-------+-------+----------------------

Table legend: (Time is in decaauts)
 A = Elapsed time spent in this place.
 B = Non-inter-level travel time spent in this place.
 C = Inter-level travel time spent in this place.
 D = Time resting spent in this place.
 E = Time spent auto-exploring this place.
 F = Levels seen in this place.
 G = Mean time per level.
                   A        B        C        D        E       F      G
               +--------+--------+--------+--------+--------+-----+--------+
         Total |   1180 |   1151 |     29 |      0 |    978 |   2 |  590.0 |
       Dungeon |   1180 |   1151 |     29 |      0 |    978 |   2 |  590.0 |
               +--------+--------+--------+--------+--------+-----+--------+

Top non-repeatable levels by time:
     D:1: 1087 daAuts
     D:2: 93 daAuts
